 Dungeon Crawl Stone Soup version 0.27-a0-1312-g5cdb2b3542 (webtiles) character file.

Game seed: 2817788033369513380

3261 avis the Nimble (level 10, -7/74 HPs)
             Began as a Merfolk Transmuter on June 20, 2021.
             Was an Initiate of Gozag.
             Killed from afar by Maurice (19 damage)
             ... with a bolt of acid
             ... on level 8 of the Dungeon.
             The game lasted 00:54:16 (9261 turns).

avis the Nimble (Merfolk Transmuter)                Turns: 9261, Time: 00:54:16

Health: -7/74      AC: -2    Str: 12    XL:     10   Next: 0%
Magic:  12/14      EV: 30    Int: 13    God:    Gozag
Gold:   179        SH:  5    Dex: 27    Spells: 5/15 levels left

rFire    . . .     SeeInvis .     - Unarmed
rCold    + . .     Faith    .   (shield currently unavailable)
rNeg     . . .     Spirit   .   (armour currently unavailable)
rPois    x         Reflect  +   (helmet currently unavailable)
rElec    .         Harm     .   (cloak currently unavailable)
rCorr    .         Rampage  .   (gloves currently unavailable)
Will     .....     Clarity  +   (boots currently unavailable)
Stlth    ++++......             p - amulet of reflection
HPRegen  0.22/turn              r - ring of protection from cold
MPRegen  0.14/turn              F - +6 ring of dexterity

@: spider-form, corroded
A: venomous fangs, tiny, (nimble swimmer 2), (mertail), clarity, (deformed body)
a: End Transformation, Renounce Religion, Potion Petition, Call Merchant, Bribe
Branch


You were on level 8 of the Dungeon.
You worshipped Gozag.
Gozag was aware of your devotion.
You were a venomous arachnid creature.
You visited 2 branches of the dungeon, and saw 9 of its levels.

You collected 490 gold pieces.
You spent 203 gold pieces at shops.
You paid 108 gold pieces to Gozag.

Inventory:

Hand Weapons
 b - the +5 hunting sling of Shame (melded) {speed, +Blink rC+}
   (You found it on level 5 of the Dungeon)

   Attacks with this weapon are significantly faster.
   It protects you from cold.
   It lets you blink.
 w - a +3 vampiric halberd
Missiles
 a - 2 throwing nets
 d - 195 stones
 l - 19 arrows
 q - 75 sling bullets
 z - 34 poisoned darts
 R - 7 curare-tipped darts
Armour
 e - a +0 pair of boots (melded)
 i - the -2 pair of boots of Beauty {rC- Slay+2 Stlth+}
   (You found it on level 8 of the Dungeon)

   It affects your accuracy and damage with ranged weapons and melee attacks
   (+2).
   It makes you vulnerable to cold.
   It makes you more stealthy.
 s - a +0 kite shield
 u - a +1 pair of gloves (melded)
 x - a +0 leather armour (melded)
 U - a +0 pair of gloves
Jewellery
 p - an amulet of reflection (around neck)
 r - a ring of protection from cold (left front leg)
 F - a +6 ring of dexterity (right front leg)
Wands
 f - a wand of charming (6)
 D - a wand of iceblast (20)
Scrolls
 c - a scroll of blinking {unknown}
 g - 2 scrolls of identify
 h - a scroll of vulnerability {unknown}
 j - a scroll of noise {unknown}
 k - a scroll of enchant armour {unknown}
 m - 2 scrolls of fear {unknown}
 n - a scroll of enchant weapon {unknown}
 o - 2 scrolls of torment {unknown}
 t - a scroll of silence {unknown}
 A - a scroll of brand weapon {unknown}
 B - 2 scrolls of teleportation {unknown}
 E - a scroll of amnesia {unknown}
 G - 3 scrolls of holy word {unknown}
 O - a scroll of acquirement {unknown}
Potions
 C - a potion of resistance
 H - a potion of flight
 I - 2 potions of haste
 K - a potion of curing
 Q - a potion of heal wounds
 S - 4 potions of might


   Skills:
 + Level 5.4 Fighting
 + Level 8.4 Dodging
 - Level 5.0 Stealth
 * Level 7.7 Unarmed Combat
 - Level 3.0 Spellcasting
 + Level 8.3 Transmutations
 - Level 4.0 Ice Magic
 - Level 3.0 Poison Magic


You had 5 spell levels left.
You knew the following spells:

 Your Spells              Type           Power      Damage    Failure   Level
a - Beastly Appendage     Tmut           46%        N/A       4%          1
b - Wereblood             Tmut           23%        N/A       5%          2
p - Spider Form           Tmut/Pois      8%         N/A       19%         3
q - Ice Form              Ice/Tmut       18%        N/A       38%         4

Your spell library contained the following spells:

 Spells                   Type           Power      Damage    Failure   Level
 Ensorcelled Hibernation  Hex/Ice        14%        N/A       34%         2
 Corona                   Hex            1%         N/A       43%         1
 Confusing Touch          Hex            1%         N/A       77%         3
 Dazzling Flash           Conj/Hex       2%         N/A       77%         3
 Tukima's Dance           Hex            1%         N/A       77%         3


Dungeon Overview and Level Annotations

Branches:
Dungeon (8/15)             Temple (1/1) D:7
   Lair: D:8-11

Altars:
Ashenzari
Cheibriados
Dithmenos
Elyvilon
Fedhas
Gozag
Hepliaklqana
Kikubaaqudgha
Makhleb
Nemelex Xobeh
Okawaru
Qazlal
Ru
Sif Muna
Trog
Uskayaw
Vehumet
Wu Jian
Xom
Yredelemnul
Zin
The Shining One

Shops:
D:5 (

Annotations:
D:8 Maurice


Innate Abilities, Weirdness & Mutations

You are a venomous arachnid creature.
You have poisonous fangs.
You are tiny and dextrous.
Your spellcasting is less reliable in this form.
Your armour is entirely melded.
You are incapable of wielding weapons or throwing items.
((You are quick and stealthy near water. (Stealth+, EV+, Speed+++)))
((Your lower body shifts to a powerful aquatic tail in water.))
You possess an exceptional clarity of mind.
((Armour fits poorly on your strangely shaped body.))


Message History

Press: ? - help, Q - select action, (/) - cycle Shift-Dir - straight line, f/p - Maurice
Aim: Maurice, wielding a +1 vampiric short sword, wearing a +0 cloak and carrying a wand of acid (8) (moderately wounded, 62% to hit)
You shoot a stone. The stone misses Maurice.
Fire: 196 stones
Press: ? - help, Q - select action, (/) - cycle Shift-Dir - straight line, f/p - Maurice
Aim: Maurice, wielding a +1 vampiric short sword, wearing a +0 cloak and carrying a wand of acid (8) (moderately wounded, 62% to hit)
You shoot a stone. The stone closely misses Maurice.
Maurice casts a spell.
Maurice blinks!
Casting: Spider Form (dangerous; 9% risk of failure)
Confirm with . or Enter, or press ? or * to list all spells.
You turn into a venomous arachnid creature.
The +5 hunting sling of Shame {speed, +Blink rC+} melds into your body.
Your +1 pair of gloves melds into your body.
Your +0 pair of boots melds into your body.
Your +0 leather armour melds into your body.
Maurice zaps a wand.
The bolt of acid hits you!! The acid corrodes you!
You are splashed with acid!
You barely miss Maurice.
Maurice is moderately wounded.
You block Maurice's attack.
You barely miss Maurice.
Maurice is moderately wounded.
You hit Maurice.
Maurice is poisoned.
Maurice is moderately wounded.
Maurice zaps a wand.
The bolt of acid hits you!!
* * * LOW HITPOINT WARNING * * *
You are splashed with acid!
* * * LOW HITPOINT WARNING * * *
You bite Maurice!
Maurice looks as sick as possible!
Maurice is heavily wounded.
Maurice completely misses you.
You barely miss Maurice.
Maurice is heavily wounded.
Maurice closely misses you.
Maurice mumbles some strange words.
Maurice puts on a burst of speed!
Maurice zaps a wand.
The bolt of acid hits you!!
You die...
Your body crumbles into a pile of gold.

......#....#...........
......#....#...........
......#....#...........
......###'##.....####.
###........#.....########
..#........#............#
..#........#..........!.#
..#........#............#
..#........#....s.......#
..'........#.......@....#
..#........######.(######
####.......# #..#
...#.......# ....
...#.......# .(((.#
...#.......# ......#
####.......# #######
.............


You could see Maurice (swift, extremely poisoned).

Vanquished Creatures
  Harold (D:7)
  A troll (D:7)
  Prince Ribbit (D:6)
  A wyvern (D:8)
  An ice beast (D:6)
  An ogre (D:5)
  6 centaurs
  A bullfrog (Temple)
  3 scorpions
  3 howler monkeys (D:8)
  A centaur zombie (D:6)
  A bullfrog zombie (D:5)
  2 jellies
  2 hounds
  4 orc priests
  A bullfrog skeleton (D:6)
  A gnoll shaman (D:6)
  2 centaur skeletons (D:5)
  5 iguanas
  5 orc wizards
  A scorpion zombie (D:5)
  A hound skeleton (D:5)
  8 gnolls
  4 adders
  A howler monkey skeleton (D:5)
  A white imp (D:6)
  2 ufetubi (D:6)
  3 worms
  5 dart slugs
  20 orcs
  11 ball pythons
  A bat (D:2)
  3 endoplasms
  3 giant cockroaches
  7 goblins
  6 hobgoblins
  8 jackals
  7 kobolds
  2 quokkas (D:3)
  A frilled lizard (D:1)
  A quokka skeleton (D:4)
  16 rats
155 creatures vanquished.

Notes
Turn   | Place    | Note
-------+----------+-------------------------------------------
     0 | D:1      | avis the Merfolk Transmuter began the quest for the Orb.
     0 | D:1      | Reached XP level 1. HP: 15/15 MP: 3/3
    59 | D:1      | Reached XP level 2. HP: 11/21 MP: 3/5
    63 | D:1      | Learned a level 2 spell: Wereblood
   705 | D:1      | Found a faded altar of an unknown god.
   835 | D:1      | Reached skill level 1 in Stealth
   880 | D:2      | Reached XP level 3. HP: 24/26 MP: 4/6
   980 | D:2      | Learned a level 3 spell: Spider Form
  1747 | D:2      | Reached XP level 4. HP: 33/33 MP: 5/7
  2745 | D:3      | Reached XP level 5. HP: 38/38 MP: 6/9
  3318 | D:4      | Reached skill level 1 in Poison Magic
  3987 | D:4      | Reached XP level 6. HP: 46/46 MP: 6/10
  4157 | D:4      | Found a basalt altar of Yredelemnul.
  4199 | D:5      | Entered Level 5 of the Dungeon
  4416 | D:5      | Reached XP level 7. HP: 27/51 MP: 9/11
  4740 | D:5      | Gained mutation: You possess an exceptional clarity of
                  | mind. [potion of mutation]
  4740 | D:5      | Gained mutation: Armour fits poorly on your strangely
                  | shaped body. [potion of mutation]
  4914 | D:5      | Found Xoefocubb's Antique Weapon Shoppe.
  4920 | D:5      | Bought a glowing morningstar for 203 gold pieces
  5040 | D:5      | You fall into a shaft and drop 2 floors!
  5336 | D:6      | Learned a level 4 spell: Ice Form
  5572 | D:5      | Identified the +5 hunting sling of Shame {speed, +Blink
                  | rC+}
  5591 | D:5      | Reached skill level 5 in Dodging
  5591 | D:5      | Reached skill level 1 in Ice Magic
  5745 | D:5      | Reached skill level 5 in Transmutations
  6092 | D:6      | Reached XP level 8. HP: 33/60 MP: 9/12
  6298 | D:6      | Noticed Prince Ribbit
  6314 | D:6      | Killed Prince Ribbit
  6315 | D:6      | Reached skill level 5 in Unarmed Combat
  6354 | D:6      | Reached skill level 5 in Stealth
  7288 | D:7      | Reached skill level 5 in Fighting
  7335 | D:6      | Reached XP level 9. HP: 52/68 MP: 11/13
  7703 | D:7      | Found a staircase to the Ecumenical Temple.
  7726 | Temple   | Entered the Ecumenical Temple
  8066 | Temple   | Became a worshipper of Gozag Ym Sagoz the Greedy
  8172 | D:7      | Noticed Harold
  8202 | D:7      | Killed Harold
  8617 | D:7      | Noticed a troll
  8630 | D:7      | Killed a troll
  8967 | D:8      | Identified the -2 pair of boots of Beauty {rC- Slay+2
                  | Stlth+}
  9179 | D:8      | Reached XP level 10. HP: 71/74 MP: 8/14
  9244 | D:8      | Noticed Maurice
  9261 | D:8      | Killed from afar by Maurice

Illustrated notes

Levels and vault maps discovered:
D:1:      tarquinn_simple_flora_water_f, layout_rooms,
          shapermc_ecumenical_altar_mp_vishouse
D:2:      minmay_chambers_of_ones, layout_rooms, minmay_rat_gold_closets
D:3:      kennysheep_six_static_rooms, layout_rooms,
          chequers_hall_statues_wall_a, hangedman_decor_clover_reticule
D:4:      layout_basic, nicolae_overflow_hidden_temple
D:5:      layout_loops_corners, serial_shops, shop, kennysheep_decorative_pillar
D:6:      layout_gridville, uniq_prince_ribbit1
D:7:      layout_cave_pools, minmay_temple_entry_hall, uniq_harold
D:8:      layout_gridville, uniq_maurice, uniq_erica
Temple:   compressed_dpeg_triangle_lava_temple

Skill      XL: |  1  2  3  4  5  6  7  8  9 |
---------------+----------------------------+-----
Dodging        | 3 4 5 6 8 |  8.4
Transmutations | 3 4 5 6 8 |  8.3
Stealth        | 1 2 3 4 5 |  5.0
Fighting       | 2 3 5 |  5.4
Poison Magic   | 1 2 3 |  3.0
Spellcasting   | 3 |  3.0
Unarmed Combat | 4 5 7 |  7.7
Ice Magic      | 1 3 4 |  4.0

Action                   |  1- 3 |  4- 6 |  7- 9 | 10-12 || total
-------------------------+-------+-------+-------+-------++-------
Melee: Whip              |    89 |   120 |    58 |       ||   267
       Unarmed           |     5 |    36 |    94 |     5 ||   140
       Headbutt          |     8 |    18 |    18 |       ||    44
       Punch             |     1 |     3 |     5 |       ||     9
 Fire: Hunting sling     |       |       |   106 |     7 ||   113
 Cast: Beastly Appendage |    26 |    29 |    11 |       ||    66
       Spider Form       |       |     6 |    13 |     1 ||    20
       Wereblood         |       |       |     1 |       ||     1
  Use: Potion            |       |       |     4 |       ||     4
       Scroll            |       |       |     4 |       ||     4
 Stab: Sleeping          |     8 |     4 |     3 |       ||    15
Armor: Robe              |    15 |     3 |       |       ||    18
       Leather armour    |       |    15 |     6 |       ||    21
       Skin              |       |       |     4 |       ||     4
Dodge: Dodged            |    50 |    88 |   141 |     3 ||   282
Block: Other             |    10 |    29 |    35 |     1 ||    75
       Reflection        |       |       |     4 |       ||     4

Table legend: (Time is in decaauts)
 A = Elapsed time spent in this place.
 B = Non-inter-level travel time spent in this place.
 C = Inter-level travel time spent in this place.
 D = Time resting spent in this place.
 E = Time spent auto-exploring this place.
 F = Levels seen in this place.
 G = Mean time per level.
                   A        B        C        D        E       F      G
               +--------+--------+--------+--------+--------+-----+--------+
         Total |   9269 |   8600 |    669 |   2875 |   3188 |   9 | 1029.9 |
       Dungeon |   8868 |   8215 |    653 |   2875 |   2870 |   8 | 1108.5 |
        Temple |    400 |    384 |     16 |      0 |    318 |   1 |  400.0 |
               +--------+--------+--------+--------+--------+-----+--------+

Top non-repeatable levels by time:
     D:5: 1528 daAuts
     D:6: 1521 daAuts
     D:3: 1229 daAuts
     D:4: 1159 daAuts
     D:7: 1115 daAuts
     D:2: 998 daAuts
     D:1: 912 daAuts
     D:8: 403 daAuts
  Temple: 400 daAuts
